Cogmind - Beta 13 --- EXPLORER MODE // 2024.07.02 @ 12:08:35 // Winter2019/RPGLIKE Player: DeepestRoots Result: Destroyed by B-36 Bruiser with Hammer Performance ------------- Evolutions (1) 500 Regions Visited (5) 1000 Robots Destroyed (67) 335 Value Destroyed (1655) 1655 Prototype IDs (29) 580 Alien Tech Used (0) 0 Bonus (275) 275 TOTAL SCORE: 4345 Bonus ------- Follower Combat Kills 58 Aligned with FarCom 300 Friendly Fire -83 Cogmind --------- Core Integrity 0/600 Matter 268/300 Energy 47/265 System Corruption 1% Temperature Cool (62) Movement Walking (120) Location -9/Exiles Parts ------- > --- POWER (1) -------- Improved Ion Engine > --- PROPULSION (2) --- Aluminum Leg Carbon-fiber Leg > --- UTILITY (3) ------ Hardlight Generator > --- WEAPON (2) ------- Improved Light Cannon Improved Light Cannon > --- INVENTORY (4) ---- High-capacity Matter Pod (200) Skeleton Box EMP Blaster Hammer Peak State ------------ > --- POWER ------------ Improved Ion Engine > --- PROPULSION ------- Aluminum Leg Aluminum Leg > --- UTILITY ---------- Medium Armor Plating Hardlight Generator Trap Reconfigurator > --- WEAPON ----------- Improved Light Cannon Improved Light Cannon > --- INVENTORY -------- High-capacity Matter Pod Skeleton Box EMP Blaster Hammer [Rating: 23] Favorites ----------- Power Improved Ion Engine Engine Improved Ion Engine Propulsion Aluminum Leg Leg Aluminum Leg Utility Seismic Detector Device Seismic Detector Protection Hardened Light Armor Plating Weapon Improved Light Cannon Energy Gun Small Laser Energy Cannon Advanced Beam Cannon Ballistic Gun High-powered Shotgun Ballistic Cannon Improved Light Cannon Launcher EMP Blaster Build | -11 -10 -10 -9 -9 -9 ------- Run | Yrd Mat Min Mat Min Exi Slots Evolved 4 | 3 . . 1 . . Power . | . . . . . . Propulsion 1 | 1 . . . . . Utility 2 | 1 . . 1 . . Weapon 1 | 1 . . . . . Parts Attached 32 | 7 1 . 20 . 4 Power 2 | 1 . . 1 . . Engine 2 | 1 . . 1 . . Core . | . . . . . . Reactor . | . . . . . . Propulsion 3 | 2 . . . . 1 Treads . | . . . . . . Leg 3 | 2 . . . . 1 Wheel . | . . . . . . Hover . | . . . . . . Flight . | . . . . . . Utility 8 | 2 1 . 4 . 1 Device 3 | 1 . . 1 . 1 Storage . | . . . . . . Processor . | . . . . . . Hackware . | . . . . . . Protection 5 | 1 1 . 3 . . Artifact . | . . . . . . Weapon 19 | 2 . . 15 . 2 Energy Gun 2 | 1 . . 1 . . Energy Cannon 1 | . . . 1 . . Ballistic Gun 10 | 1 . . 9 . . Ballistic Cannon 4 | . . . 3 . 1 Launcher 2 | . . . 1 . 1 Special Weapon . | . . . . . . Impact Weapon . | . . . . . . Slashing Weapon . | . . . . . . Piercing Weapon . | . . . . . . Special Melee Weapon . | . . . . . . Unidentified Prototypes 3 | . . . 3 . . Corrupted Parts 1 | . . . . . 1 System Corruption 1 | . . . . . 1 Parts Lost 1 | . . . . . 1 Power . | . . . . . . Propulsion . | . . . . . . Utility 1 | . . . . . 1 Weapon . | . . . . . . Highest Loss Streak 1 | . . . . . 1 To Critical Strikes . | . . . . . . Average Slot Usage (%) 99 | . 100 100 99 100 98 Engine 12 | . 14 14 12 12 12 Leg 25 | . 28 28 25 25 24 Device 22 | . 14 14 24 25 24 Protection 12 | . 14 14 11 12 11 Energy Gun 3 | . 14 14 . . . Ballistic Gun 8 | . 14 14 9 . . Ballistic Cannon 13 | . . . 14 25 24 Naked Turns . | . . . . . . Heaviest Build 28 | 11 13 13 28 28 28 Greatest Support 25 | 20 20 20 20 20 25 Greatest Overweight (x) 2 | 2 . . 1 1 2 Average Overweight (x) . | . . . . 1 . Largest Inventory Capacity 4 | 3 3 3 3 3 4 Average Capacity 3 | 3 3 3 3 3 3 Most Carried 4 | . 2 2 3 3 4 Average Carried 2 | . . 2 2 3 3 Final Capacity 4 | 3 3 3 3 3 4 Final Carried 4 | . 2 2 3 3 4 Class Distribution -------------------- 100% | Hacker-Mutant Dominant Class ---------------- Hacker-Mutant | -10/Materials Hacker-Mutant | -10/Mines Hacker-Mutant | -9/Materials Hacker-Mutant | -9/Mines Hacker-Mutant | -9/Exiles Resources | -11 -10 -10 -9 -9 -9 ----------- Run | Yrd Mat Min Mat Min Exi Matter Collected 1310 | 275 238 8 626 . 163 Remotely . | . . . . . . Salvage Created 1955 | 70 407 . 1246 . 232 Parts 150 | 2 26 . 100 . 22 Haulers Intercepted 7 | . 2 . 5 . . Recyclers Shooed . | . . . . . . Parts Field Recycled . | . . . . . . Retrieved Matter . | . . . . . . Parts Self-Destructed . | . . . . . . Prevented . | . . . . . . Kills | -11 -10 -10 -9 -9 -9 ------- Run | Yrd Mat Min Mat Min Exi Combat Hostiles Destroyed 39 | . 6 1 22 . 10 Guns 18 | . 6 1 11 . . Cannons 18 | . . . 10 . 8 AOE 3 | . . . 1 . 2 Classes Destroyed 15 | 1 6 1 5 . 2 Worker 6 | . 1 . 5 . . Builder 1 | . 1 . . . . Tunneler 2 | . . . 2 . . Hauler 7 | . 2 . 5 . . Recycler 2 | 1 . . 1 . . Operator 1 | . . . 1 . . Watcher 8 | . 3 . 5 . . Swarmer 7 | . 4 . 3 . . Grunt 16 | . 2 . 9 . 5 Duelist 2 | . . . 2 . . Sentry 8 | . . . 8 . . Demolisher 1 | . . 1 . . . Hunter 4 | . . . . . 4 Programmer 1 | . . . . . 1 Zionite 1 | . . . 1 . . Best Kill Streak 6 | 1 4 1 5 . 6 Combat Bots Only 6 | . 2 1 4 . 6 Max Kills in Single Turn 2 | 1 1 1 2 . 1 Gunslinging . | . . . . . . Exploded 1 | . . . 1 . 1 Melee . | . . . . . . Uniques/NPCs Destroyed . | . . . . . . Combat | -11 -10 -10 -9 -9 -9 -------- Run | Yrd Mat Min Mat Min Exi Hostile Shots Fired 243 | . 29 10 65 . 139 Missed 66 | . 10 . 22 . 34 Damage Taken 1610 | . 150 284 305 . 871 Core 1128 | . 105 196 222 . 605 Absorbed by Shields 180 | . . . 76 . 104 Redirected to Core 918 | . 79 180 171 . 488 Ignored by Resistances 1094 | . 93 166 234 . 601 Core Remaining (%) 81 | 100 . 63 . . . Volleys Fired 127 | 5 28 8 64 . 22 Largest 2 | 2 2 2 2 . 2 Hottest 78 | 60 60 60 78 . 78 Shots Fired 234 | 10 56 16 112 . 40 Gun 131 | 10 56 16 49 . . Cannon 97 | . . . 61 . 36 Launcher 6 | . . . 2 . 4 Special . | . . . . . . Kinetic 187 | 5 28 8 110 . 36 Thermal 41 | 5 28 8 . . . Explosive . | . . . . . . Electromagnetic 6 | . . . 2 . 4 Robot Hit Streak 45 | 9 17 33 45 . 23 Robot Miss Streak 3 | . 1 . 2 . 3 Penetration Max . | . . . . . . Secondary Targets 2 | . 2 . . . . Max Gunslinging Chain 1 | . 1 . . . . Shots Hit Robots 189 | 9 42 16 93 . 29 Core Hits 98 | 2 19 5 57 . 15 Critical Kills 1 | . 1 . . . . Critical Parts Destroyed . | . . . . . . Critical Strikes 5 | . 1 1 2 . 1 Destroy 2 | . 1 1 . . . Blast 3 | . . . 2 . 1 Melee Attacks . | . . . . . . Impact . | . . . . . . Slashing . | . . . . . . Piercing . | . . . . . . Sneak Attacks . | . . . . . . Combat Hostiles . | . . . . . . Follow-up Attacks . | . . . . . . Damage Inflicted 3339 | 90 434 151 1980 . 684 Guns 1604 | 90 434 151 929 . . Cannons 1481 | . . . 1025 . 456 Explosions 254 | . . . 26 . 228 Melee . | . . . . . . Ramming . | . . . . . . Kinetic 2652 | 34 143 65 1954 . 456 Thermal 433 | 56 291 86 . . . Explosive . | . . . . . . Electromagnetic 254 | . . . 26 . 228 Impact . | . . . . . . Slashing . | . . . . . . Piercing . | . . . . . . Highest Corruption 1 | . . . . . 1 Average Corruption 1 | . . . . . 1 Corruption Purged . | . . . . . . Corruption Blocked . | . . . . . . Overload Shots . | . . . . . . Overflow Damage 46 | . . . 15 . 31 Projectiles 39 | . . . 15 . 24 Explosions 7 | . . . . . 7 Melee . | . . . . . . Knockbacks 13 | . . . 10 . 3 Impact . | . . . . . . Kinetic 13 | . . . 10 . 3 Secondary . | . . . . . . Self-Inflicted Damage . | . . . . . . Shots . | . . . . . . Rammed . | . . . . . . Targets Rammed . | . . . . . . Kicked . | . . . . . . Crushed . | . . . . . . Highest Temperature 324 | 79 194 120 162 . 324 Average Temperature 62 | 41 51 52 32 . 154 Received Heat Transfer 483 | . 114 . 169 . 200 Effects 3 | . . . . . 3 Interference 3 | . . . . . 3 Siege Activations . | . . . . . . Robots Corrupted . | . . . . . . Combat Hostiles . | . . . . . . Parts Fried . | . . . . . . Impact Corruptions . | . . . . . . Robots Melted . | . . . . . . Combat Hostiles . | . . . . . . Parts Melted . | . . . . . . Heat Transferred 975 | 125 650 200 . . . Parts Sabotaged . | . . . . . . Parts Stolen . | . . . . . . Parts Stripped . | . . . . . . Power Chain Reactions 1 | . . . 1 . . Alert | -11 -10 -10 -9 -9 -9 ------- Run | Yrd Mat Min Mat Min Exi Peak Influence 254 | 5 238 30 254 . . Initial 8 | . 2 . 8 . . Average 55 | 1 78 26 59 . . Maximum Alert Level 1 | . 1 . 1 . . Low Security (%) 97 | 100 88 100 98 100 . Level 1 2 | . 11 . 1 . . Level 2 . | . . . . . . Level 3 . | . . . . . . Level 4 . | . . . . . . Level 5 . | . . . . . . High Security . | . . . . . . Max Security . | . . . . . . Squads Dispatched 2 | . . . 2 . . Investigation . | . . . . . . Extermination . | . . . . . . Reinforcement 2 | . . . 2 . . Assault . | . . . . . . Garrison . | . . . . . . Intercept . | . . . . . . Searches Triggered . | . . . . . . Construction Impeded . | . . . . . . Haulers Reinforced . | . . . . . . Active Scanning Responses . | . . . . . . Cargo Convoy Interrupts . | . . . . . . Stealth | -11 -10 -10 -9 -9 -9 --------- Run | Yrd Mat Min Mat Min Exi Distress Signals 5 | . 2 . 3 . . Communications Jammed . | . . . . . . Distress Signals . | . . . . . . Times Spotted 83 | . 9 2 36 . 36 Peak Tracking Total 8 | . 3 2 4 . 8 Tactical Retreats 1 | . . . . . 1 Traps | -11 -10 -10 -9 -9 -9 ------- Run | Yrd Mat Min Mat Min Exi Traps Triggered 4 | . 2 . 2 . . Indirectly . | . . . . . . Trap Hack Attempts . | . . . . . . Triggered . | . . . . . . Disarmed 1 | . . . 1 . . Reprogrammed . | . . . . . . Reused . | . . . . . . Traps Extracted . | . . . . . . Installed . | . . . . . . Triggered . | . . . . . . Machines | -11 -10 -10 -9 -9 -9 ---------- Run | Yrd Mat Min Mat Min Exi Machines Disabled 4 | . . . 2 . 2 Max in Single Turn 1 | . . . 1 . 1 Machines Repaired . | . . . . . . Machines Dismantled . | . . . . . . Machines Sabotaged . | . . . . . . Overloaded Fab Kills . | . . . . . . Hacking | -11 -10 -10 -9 -9 -9 --------- Run | Yrd Mat Min Mat Min Exi Machines Accessed 19 | . 8 . 10 . 1 Terminals 18 | . 8 . 10 . . Fabricators . | . . . . . . Repair Stations . | . . . . . . Recycling Units . | . . . . . . Scanalyzers . | . . . . . . Garrison Access . | . . . . . . Total Hacks 60 | . 26 . 33 . 1 Successful 42 | . 19 . 22 . 1 Failed 18 | . 7 . 11 . . Catastrophic 3 | . 1 . 2 . . Database Lockouts . | . . . . . . Manual 38 | . 13 . 24 . 1 Terminals 59 | . 26 . 33 . . Fabricators . | . . . . . . Repair Stations . | . . . . . . Recycling Units . | . . . . . . Scanalyzers . | . . . . . . Garrison Access . | . . . . . . Terminal Hacks 34 | . 16 . 17 . 1 Record 3 | . 2 . 1 . . Robot Analysis 11 | . 4 . 7 . . Prototype ID Bank 2 | . . . 2 . . Branch Access Points 1 | . 1 . . . . Emergency Access Points 1 | . . . 1 . . Machine Index 1 | . 1 . . . . Terminal Index 1 | . . . 1 . . Alert Level 1 | . 1 . . . . Unreport Threat 1 | . 1 . . . . Locate Traps 4 | . 3 . 1 . . Disarm Traps 1 | . . . 1 . . Transport Status 1 | . 1 . . . . Hauler Manifests 3 | . 2 . 1 . . Registered Components 1 | . . . 1 . . Zone Layout 1 | . . . 1 . . Derelict Proto ID Bank 1 | . . . . . 1 Fabricator Hacks . | . . . . . . Repair Station Hacks . | . . . . . . Recycling Unit Hacks . | . . . . . . Scanalyzer . | . . . . . . Garrison Access Hacks . | . . . . . . Unauthorized Hacks 8 | . 3 . 5 . . Terminals 8 | . 3 . 5 . . Botnet 6 | . 2 . 4 . . Disrupt 2 | . 1 . 1 . . Fabricators . | . . . . . . Repair Stations . | . . . . . . Recycling Units . | . . . . . . Scanalyzers . | . . . . . . Garrison Access . | . . . . . . Data Cores Recovered . | . . . . . . Used . | . . . . . . Hacking Detections 9 | . 3 . 6 . . Full Trace Events 1 | . . . 1 . . Feedback Events . | . . . . . . Feedback Blocked . | . . . . . . Robot Schematics Acquired . | . . . . . . Robots Built . | . . . . . . Authchips . | . . . . . . Time . | . . . . . . Total Robot Build Rating . | . . . . . . Part Schematics Acquired . | . . . . . . Parts Built . | . . . . . . Authchips . | . . . . . . Time . | . . . . . . Total Part Build Rating . | . . . . . . Parts Repaired . | . . . . . . Time . | . . . . . . Parts Recycled . | . . . . . . Recycled Matter . | . . . . . . Retrieved Matter . | . . . . . . Retrieved Components . | . . . . . . Parts Scanalyzed . | . . . . . . Part Schematics Acquired . | . . . . . . Parts Damaged . | . . . . . . Bothacking | -11 -10 -10 -9 -9 -9 ------------ Run | Yrd Mat Min Mat Min Exi Used RIF Installer . | . . . . . . Robots Hacked . | . . . . . . Non-combat . | . . . . . . Combat . | . . . . . . Robot Hacks Applied . | . . . . . . Relay Couplers Released . | . . . . . . Fabnet Peak Effective % . | . . . . . . Robots Rewired . | . . . . . . Allies Hacked . | . . . . . . Hacks Repelled . | . . . . . . Allies | -11 -10 -10 -9 -9 -9 -------- Run | Yrd Mat Min Mat Min Exi Total Allies 2 | . . 2 . . . Largest Group 2 | . . 2 2 . . Highest-Rated Group 49 | . . 49 49 . . Highest-Rated Ally 31 | . . 31 31 . . Total Orders . | . . . . . . Ally Attacks 14 | . . . 14 . . Total Damage 148 | . . . 148 . . Kills 2 | . . . 2 . . Allies Corrupted . | . . . . . . Allies Melted . | . . . . . . Intel | -11 -10 -10 -9 -9 -9 ------- Run | Yrd Mat Min Mat Min Exi Robot Analysis Total 11 | . 4 . 7 . . Derelict Logs Recovered 1 | . . 1 . . . Drone Launches . | . . . . . . Drone Recoveries . | . . . . . . Exploration | -11 -10 -10 -9 -9 -9 ------------- Run | Yrd Mat Min Mat Min Exi Turns Passed 5317 | 78 809 257 3235 398 540 Spaces Moved 2835 | 48 593 192 1547 210 245 Core 7 | 7 . . . . . Treads . | . . . . . . Legs 2828 | 41 593 192 1547 210 245 Wheels . | . . . . . . Hover . | . . . . . . Flight . | . . . . . . Fastest Speed 50 | 50 120 120 120 190 120 Average Speed 167 | 113 120 120 186 190 189 Slowest Speed 260 | 150 120 120 190 190 260 Overloaded Moves . | . . . . . . Propulsion Burnouts . | . . . . . . Robots Hopped . | . . . . . . Cave-ins Triggered . | . . . . . . Exploration Rate (%) 55 | 4 95 28 96 51 58 Regions Visited 5 Branch Regions 3 Pre-discovered Areas 1 | . . . . 1 . Known Exits Taken 5 | 1 1 1 1 1 . Unknown Exits Taken . | . . . . . . Scrap Searched . | . . . . . . Spaces Dug . | . . . . . . Terrain Destroyed 10 | . . . 9 . 1 Melee . | . . . . . . Projectile 1 | . . . . . 1 AOE 9 | . . . 9 . . Terrain Rammed . | . . . . . . Walls Destroyed . | . . . . . . Machines Disabled . | . . . . . . Actions | -11 -10 -10 -9 -9 -9 --------- Run | Yrd Mat Min Mat Min Exi Total 3181 | 59 640 204 1790 209 279 Wait 134 | . 11 5 112 . 6 Move 2830 | 47 592 191 1546 209 245 Hop . | . . . . . . Pick Up 7 | . 2 . 4 . 1 Fast Attach 27 | 7 1 . 17 . 2 Attach . | . . . . . . Detach . | . . . . . . Swap 5 | . . . 3 . 2 Drop 19 | . 1 . 17 . 1 Fire 127 | 5 28 8 64 . 22 Melee . | . . . . . . Ram . | . . . . . . Kick . | . . . . . . Crush . | . . . . . . Escape Stasis . | . . . . . . Rewire . | . . . . . . Trap . | . . . . . . Miscellaneous 32 | . 5 . 27 . . Route ------- -11/Scrapyard -10/Materials (discovered 4 exits: *Mat x3 / *Min) -10/Mines -9/Materials (discovered 4 exits: *Mat x3 / *Min) -9/Mines (discovered 2 exits: *Mat / *Exi) -9/Exiles History --------- Turn | Location | Event 1 | -11/Scrapyard | Upgraded with Propulsion slot (x1) 1 | -11/Scrapyard | Upgraded with Utility slot (x1) 1 | -11/Scrapyard | Upgraded with Weapon slot (x1) 28 | -11/Scrapyard | Identified exit to Materials 28 | -11/Scrapyard | Discovered exit to Materials (range 15) 79 | -11/Scrapyard | Entered Materials 292 | -10/Materials | Identified exit to Mines 292 | -10/Materials | Discovered exit to Mines (range 12) 301 | -10/Materials | Build established: Hacker-Mutant 376 | -10/Materials | Identified exit to Materials 376 | -10/Materials | Discovered exit to Materials (range 16) 651 | -10/Materials | Discovered exit to Materials (range 15) 808 | -10/Materials | Discovered exit to Materials (range 16) 888 | -10/Materials | Entered Mines 891 | -10/Mines | Assembled infested the area 896 | -10/Mines | Assisted by a Guerilla fighting off Assembled 901 | -10/Mines | Discovered exit to Materials (range 8) 915 | -10/Mines | Reached level 2 953 | -10/Mines | Found a hidden stash of uninstalled traps 1043 | -10/Mines | Learned 2 Materials zone layouts 1145 | -10/Mines | Entered Materials 1145 | -9/Materials | Accompanied by 2 allies 1147 | -9/Materials | Reached level 3 1150 | -9/Materials | Led the pair of lost Derelicts to an unsafe place 1250 | -9/Materials | Upgraded with Utility slot (x1) 1409 | -9/Materials | Reached level 4 2303 | -9/Materials | Identified exit to Materials 2303 | -9/Materials | Discovered exit to Materials (range 11) 2373 | -9/Materials | Core integrity fell below 50% 2465 | -9/Materials | Reached level 5 2749 | -9/Materials | Identified exit to Mines 2749 | -9/Materials | Discovered exit to Mines (range 6) 2983 | -9/Materials | Discovered exit to Materials (range 10) 3283 | -9/Materials | Reached level 6 3532 | -9/Materials | Discovered exit to Materials (range 16) 4380 | -9/Materials | Entered Mines 4463 | -9/Mines | Learned location of Storage (-8) 4570 | -9/Mines | A weapon hastily lodged in a ceiling crevice suddenly fell to the ground 4673 | -9/Mines | Discovered exit to Materials (range 8) 4680 | -9/Mines | Received a Rocket Launcher from a helpful Derelict 4717 | -9/Mines | Deemed a non-threat by the Exiles lab entrance 4717 | -9/Mines | Identified exit to Exiles 4717 | -9/Mines | Discovered exit to Exiles (range 5) 4778 | -9/Mines | Entered Exiles 4822 | -9/Exiles | Met 8R-AWN 4858 | -9/Exiles | Met EX-HEX 4934 | -9/Exiles | Met EX-BIN 4961 | -9/Exiles | Aligned with FarCom system 4963 | -9/Exiles | Given EX-Vault access code 5008 | -9/Exiles | Opened EX-Vault 5032 | -9/Exiles | Found Trap Reconfigurator 5035 | -9/Exiles | Found Skeleton Box 5076 | -9/Exiles | Warned to stay clear of 0b10 Research branches 5088 | -9/Exiles | Exiles lab attacked by MAIN.C 5200 | -9/Exiles | Reached level 7 5302 | -9/Exiles | Attacked by the Exiles 5310 | -9/Exiles | Core integrity fell below 20% 5318 | -9/Exiles | Destroyed by B-36 Bruiser with Hammer Last Messages --------------- 05292_ G-34 Mercenary destroyed. 05294_ Slug penetrates DAS Turret. 05294_ Destroyed Lgt. Nuclear Core. 05296_ Med. Armor Plating destroyed. 05296_ Penetrated by Slug. 05296_ Aluminum Leg severed. 05296_ Acquired 89 matter. 05300_ Slug penetrates Machine. 05301_ H-55 Commando destroyed. 05301_ Machine disabled. 05302_ EXILES: Additional hostile detected within perimeter. 05303_ G-34 Mercenary destroyed. 05304_ Trap Reconfigurator severed. 05306_ Slug penetrates Machine. 05307_ L-31 Rogue knocked back. 05313_ G-34 Mercenary destroyed. 05314_ Acquired Corrupted Carbon-fiber Leg. 05314_ Integrated Corrupted Carbon-fiber Leg (+1). 05314_ Complication: Energy sink damages Corrupted Carbon-fiber Leg (-45). 05317_ Knocked back. Map ----- +----------------------------------------------------+ | ??????????????????????#???????????#" "" | | ????????????????????? ???????????#" "" | | ?????????????????????" ""?????????## "" | | ?????????????????????" ?????????# "" | | ????????????????????"" ??????????#" "X" "" | | ????????????????????"" ??????????#" """ | | ???? ?????????????? ""?????????#" """""""" | | ???? #?????????????" "?????????##" ######### | | ???? ????????????# #????????##"" #???????? | | ????" #####????### ###?######"" #???????? | | ????" """#####X# #"###""""""" ##??????? | | ????" """""" " " ##???### | | ?????# "" "" " #####"" | | ??????# " " " | | ????????# | | ??????????# | | ??????????## %%% | | ???????????## %%=!! | | ????????????##" *!%%[= | | ?????????????# % =%% %""" %[= | | ????????????##" % =######""" [ =%! | | ????????????#"" %= h "##????#####""=%%%*= | | ????????????# " [[[ "##?????????##"""[=%% | | ???????????#" %%!g"##???????????#"""" [% | | ????????????"" t *!b%"#???????????##"" | | ???????????#" %@l *##???????####"""" | | ???????????#"" !!%|%## ####""" | | ????????????"" %%[!!%[ """" | | ????????????#"" %!== %g%% | | ?????????????"" !%[%%% | | ?????????????# % [*[ | | ?????????????#" " "" | | ?????????????#"""" % ## ##""" " " | | ??????????????"" #### ######""" " | | ??????????????? % "" "##??#??#????###""" | | ??????????????""" % """#??????????????### | | ??????????????? ""##????????????????? | | ???????????????"" """???????????????????? | | ????????????????""" #???????????????????? | | ??????????????????""" #????????????????????? | | ????????????????????? ?????????????????????? | | ??????????????????????? #?????????????????????? | | ?????????????????????????????????????????????????? | | ?????????????????????????????????????????????????? | | ?????????????????????????????????????????????????? | | ?????????????????????????????????????????????????? | | ?????????????????????????????????????????????????? | | ?????????????????????????????????????????????????? | | ?????????????????????????????????????????????????? | | ?????????????????????????????????????????????????? | +----------------------------------------------------+ Best States ------------- Heat Dissipation 25 Energy Generation 12 Energy Capacity 265 Matter Stores 300 Matter Capacity 300 Sight Range 16 Terrain Scan Density 10 Armor Coverage 225 Resistance: KI 35 Resistance: TH 35 Resistance: EX 35 Resistance: EM 35 Resistance: I 35 Resistance: S 35 Resistance: P 35 Evasion (%) 55 Offensive Hacking 35 Defensive Hacking 15 Item Schematics ----------------- None Robot Schematics ------------------ None Fabricated ------------ Nothing Alien Tech Used ----------------- None Achievements -------------- None Challenges ------------ None RPGLIKE | -11 -10 -10 -9 -9 -9 --------- Run | Yrd Mat Min Mat Min Exi Levels Raised 6 | . . 1 4 . 1 XP Earned 15690 | 6000 925 650 6265 500 1350 XP Spent 7500 | 5700 . . 800 . 1000 Upgrades 14 | 12 . . 1 . 1 Propulsion Slot 1 | 1 . . . . . Utility Slot 2 | 1 . . 1 . . Weapon Slot 1 | 1 . . . . . Inventory Capacity 4 | 3 . . . . 1 Hack Attack % 3 | 3 . . . . . Hack Defense % 3 | 3 . . . . . Protomatter Created 458 | . 39 . 267 . 152 Integrity Restored 654 | . 86 . 568 . . Core 523 | . 83 . 440 . . Parts 131 | . 3 . 128 . . Protomatter Decayed 292 | . 9 44 97 . 142 Game ------ Seed NeutrinoSalvageSystem Manual? 0 Play Time 00:44:03 Cumulative 61.9 hours Start 2024.07.02 @ 11:25:23 End 2024.07.02 @ 12:08:35 Sessions 1 Manual Loads 0 Difficulty Explorer Special Mode Winter2019/RPGLIKE Game No. 9 Rogue 4 Adventurer 3 Explorer 2 Win Type - Total 4 Types 3/0/0/1/0/0/0/0/0 Lore% 39 Gallery% 39 Achievement% 53 Wizard Run 0 Options --------- Layout 0 ASCII 0 Keyboard 0 Movement Mouse Keybinds 0 Fullscreen 1 Font 36/Terminus Map View 76x50 Zoom Use 0% Tactical HUD 1 Map Filters NONE Filters NONE Steam 0 RUN: f5435fd5-a48b-4a7e-8ef4-3cd6bf4218ed